 Dungeon Sprint DCSS version 0.30-a0-292-g0f741e3f8e (webtiles) character file.

Game seed: 15254804688896130884

1081 Iusername the Fighter (level 8, -1/82 HPs)
             Began as a Minotaur Fighter on Oct 17, 2022.
             Was an Initiate of Jiyva.
             Slain by a vampire (10 damage)
             ... in the Dungeon (Sprint IX: "|||||||||||||||||||||||||||||").
             The game lasted 00:02:02 (442 turns).

Iusername the Fighter (Minotaur Fighter)             Turns: 442, Time: 00:02:02

Health: -1/82      AC: 14    Str: 24    XL:     8   Next: 8%
Magic:  7/7        EV:  9    Int: 11    God:    Jiyva [......]
Gold:   0          SH:  0    Dex:  9    Spells: 7/7 levels left

rFire   . . .      SeeInvis .    l - +3 war axe (freeze)
rCold   . . .      Faith    .    c - +0 buckler
rNeg    . . .      Spirit   .    o - +1 chain mail
rPois   .          Reflect  .    (helmet restricted)
rElec   .          Harm     .    (no cloak)
rCorr   .          Rampage  .    (no gloves)
Will    .....      NoTele   +    b - +0 pair of boots
Stlth   ..........               (no amulet)
HPRegen 0.33/turn                m - +3 ring of intelligence
MPRegen 0.10/turn                n - +3 ring of intelligence

@: confused, hasted, invisible (expiring), very quick
A: horns 2, retaliatory headbutt
a: Renounce Religion


You were in the Dungeon.
You worshipped Jiyva.
Jiyva was noncommittal.
You visited 1 branch

Inventory:

Hand Weapons
 a - a +0 war axe
 l - a +3 war axe of freezing (weapon)
Armour
 b - a +0 pair of boots (worn)
 c - a +0 buckler (worn)
 o - a +1 chain mail (worn)
Jewellery
 m - a +3 ring of intelligence (left hand)
 n - a +3 ring of intelligence (right hand)
Wands
 k - a wand of acid (10)
Scrolls
 i - 2 scrolls of amnesia
 j - 2 scrolls of blinking
Potions
 e - 5 potions of curing
 f - 2 potions of heal wounds
 h - 4 potions of magic


   Skills:
 + Level 11.5 Fighting
 + Level 10.3 Axes
 + Level 10.3 Armour
 + Level 2.6 Dodging
 + Level 3.2 Stealth
 + Level 11.0 Shields


You had 7 spell levels left.
You didn't know any spells.
Your spell library was empty.

Dungeon Overview and Level Annotations

Branches:
Dungeon (1/1)

Altars:
Cheibriados
Dithmenos
Elyvilon
Fedhas
Gozag
Hepliaklqana
Kikubaaqudgha
Makhleb
Nemelex Xobeh
Okawaru
Qazlal
Ru
Sif Muna
Trog
Uskayaw
Vehumet
Wu Jian
Xom
Yredelemnul
Zin
The Shining One
Jiyva
Lugonu


Innate Abilities, Weirdness & Mutations

You have a pair of horns on your head.
You reflexively headbutt those who attack you in melee.


Message History

The kobold brigand is heavily wounded.
Unknown command.
You catch the helpless kobold brigand completely off-guard!
You hit the kobold brigand but do no damage.
Your headbutt misses the kobold brigand.
The kobold brigand is heavily wounded.
The kobold brigand closely misses you. You furiously retaliate!
You headbutt the kobold brigand!
You kill the kobold brigand!
Your Shields skill increases to level 11!
Something hits you!
* * * LOW HITPOINT WARNING * * *
Something bites you but does no damage.
Things that are here:
a +0 whip; a curare-tipped dart
There is an open door to the Dungeon, spattered with blood here.
Items here: ( ))) ††.
Okay, then.
You start resting.
You hear some strange, mumbled words.
You are confused.
You start resting.
Something hits you but does no damage. Something bites you.
* * * LOW HITPOINT WARNING * * *
Something draws strength from your injuries!
You start resting.
Something hits you.
* * * LOW HITPOINT WARNING * * *
Something bites you.
* * * LOW HITPOINT WARNING * * *
Something draws strength from your injuries!
You bump into the unnaturally hard rock wall.
You flicker for a moment.
You bump into the unnaturally hard rock wall.
You hear some strange, mumbled words.
You are more confused.
You bump into the unnaturally hard rock wall.
Something hits you.
* * * LOW HITPOINT WARNING * * *
Something bites you!
You die... ▓▓▓▓▓▓▓▓▓▓▓▓▓▓▓▓▓▓▓▓▓▓▓▓ +.....)@..[[..)..'______ ▓▓▓▓▓▓▓▓▓▓▓▓▓▓▓▓▓▓▓▓▓▓▓▓

There were no monsters in sight!

Vanquished Creatures
  A two-headed ogre (D)
  A yak (D)
  2 kobold brigands (D)
  2 scorpions (D)
  A howler monkey (D)
  A hound (D)
  A jelly (D)
  An orc wizard (D)
  A ball python (D)
  A bat (D)
  A frilled lizard (D)
  2 kobolds (D)
15 creatures vanquished.

Vanquished Creatures (others)
  A necromancer (D)
  A slime creature (D)
2 creatures vanquished.

Grand Total: 17 creatures vanquished

Notes
Turn   | Place    | Note
-------+----------+-------------------------------------------
     0 | D        | Iusername the Minotaur Fighter began the quest for the Orb.
     0 | D        | Reached XP level 1. HP: 19/19 MP: 0/0
   123 | D        | Noticed a jelly
   123 | D        | Noticed a scorpion
   123 | D        | Noticed a hound
   123 | D        | Noticed a scorpion
   123 | D        | Noticed an orc wizard
   133 | D        | Killed an orc wizard
   134 | D        | Reached skill level 5 in Fighting
   134 | D        | Reached skill level 5 in Armour
   134 | D        | Reached skill level 5 in Shields
   134 | D        | Reached XP level 2. HP: 27/29 MP: 1/1
   134 | D        | Reached XP level 3. HP: 34/36 MP: 2/2
   142 | D        | Killed a scorpion
   143 | D        | Reached XP level 4. HP: 34/45 MP: 3/3
   144 | D        | Killed a scorpion
   145 | D        | Reached skill level 5 in Axes
   145 | D        | Reached XP level 5. HP: 35/53 MP: 4/4
   146 | D        | Reached skill level 1 in Dodging
   323 | D        | Found a snail-covered altar of Cheibriados.
   323 | D        | Found a shadowy altar of Dithmenos.
   323 | D        | Found a white marble altar of Elyvilon.
   323 | D        | Found a blossoming altar of Fedhas.
   323 | D        | Found an opulent altar of Gozag.
   324 | D        | Found a hazy altar of Hepliaklqana.
   325 | D        | Found a viscous altar of Jiyva.
   326 | D        | Found an ancient bone altar of Kikubaaqudgha.
   327 | D        | Found a corrupted altar of Lugonu.
   328 | D        | Found a burning altar of Makhleb.
   329 | D        | Found a sparkling altar of Nemelex Xobeh.
   330 | D        | Found an iron altar of Okawaru.
   331 | D        | Found a stormy altar of Qazlal.
   332 | D        | Found a sacrificial altar of Ru.
   333 | D        | Became a worshipper of Jiyva Judif the Shapeless
   333 | D        | Killed a necromancer
   334 | D        | Found a shimmering blue altar of Sif Muna.
   335 | D        | Found a bloodstained altar of Trog.
   336 | D        | Found a hide-covered altar of Uskayaw.
   337 | D        | Found a radiant altar of Vehumet.
   337 | D        | Killed a slime creature
   338 | D        | Found an ornate altar of the Wu Jian Council.
   339 | D        | Found a shimmering altar of Xom.
   340 | D        | Found a basalt altar of Yredelemnul.
   341 | D        | Found a glowing silver altar of Zin.
   342 | D        | Found a glowing golden altar of the Shining One.
   408 | D        | Noticed a vampire
   408 | D        | Noticed a two-headed ogre
   408 | D        | Noticed a yak
   414 | D        | Reached XP level 6. HP: 63/63 MP: 5/5
   421 | D        | Killed a yak
   422 | D        | Reached skill level 10 in Fighting
   422 | D        | Reached skill level 1 in Stealth
   427 | D        | Killed a two-headed ogre
   428 | D        | Reached skill level 10 in Axes
   428 | D        | Reached skill level 10 in Armour
   428 | D        | Reached skill level 10 in Shields
   428 | D        | Reached XP level 7. HP: 29/74 MP: 6/6
   430 | D        | Reached XP level 8. HP: 33/82 MP: 7/7
   442 | D        | Slain by a vampire

Illustrated notes

Levels and vault maps discovered:
D:        linesprint [early_d, line_temple, items_1, d_10, items_2, lair_1,
          lair_end, items_3, orc_1, orc_end, items_4, d_15, swamp_1, shoals_1,
          snake_1, spider_1, d_20, vaults_1, items_5, swamp_end, shoals_end,
          snake_end, spider_end, vaults_end, d_27, items_6, zot_1, zot_end,
          crypt_end, forest_end, elf_end, slime_end, tomb_end, abyss_end,
          pan_hell_end]

Skill      XL: |  1  2  3  4  5  6  7  8 |
---------------+-------------------------+-----
Fighting       | 5 6 8 9 11 | 11.5
Armour         | 5 6 7 8 10 | 10.3
Shields        | 5 6 7 8 10 11 | 11.0
Axes           | 3 4 5 6 10 | 10.3
Dodging        | 1 2 |  2.6
Stealth        | 3 |  3.2

Action                   |  1- 3 |  4- 6 |  7- 9 || total
-------------------------+-------+-------+-------++-------
Melee: War axe           |    21 |    20 |     4 ||    45
       Headbutt          |     1 |     1 |       ||     2
  Use: Potion            |     3 |     2 |       ||     5
 Stab: Invisible         |       |     4 |     1 ||     5
Armor: Scale mail        |    10 |     1 |       ||    11
       Chain mail        |       |     5 |     2 ||     7
Dodge: Dodged            |     4 |     7 |     1 ||    12
Block: Buckler           |     6 |     3 |       ||     9

Table legend: (Time is in decaauts)
 A = Elapsed time spent in this place.
 B = Non-inter-level travel time spent in this place.
 C = Inter-level travel time spent in this place.
 D = Time resting spent in this place.
 E = Time spent auto-exploring this place.
 F = Levels seen in this place.
 G = Mean time per level.
                   A        B        C        D        E       F      G
               +--------+--------+--------+--------+--------+-----+--------+
         Total |    447 |    447 |      0 |    279 |      0 |   1 |  447.0 |
       Dungeon |    447 |    447 |      0 |    279 |      0 |   1 |  447.0 |
               +--------+--------+--------+--------+--------+-----+--------+

Top non-repeatable levels by time:
       D: 447 daAuts
